[Event "MCCT Oslo Esports Cup 2022"]
[Site "Oslo"]
[Date "2022.04.20"]
[Round "1.3"]
[White "Mamedyarov, Shakhriyar"]
[Black "Le, Quang Liem"]
[Result "1/2-1/2"]
[ECO "D24"]
[WhiteElo "2771"]
[BlackElo "2709"]
[Annotator "TA"]
[PlyCount "126"]
[EventDate "2022.04.14"]
[EventType "tourn"]
[EventCountry "NOR"]
[SourceTitle "playchess.com"]
[Source "ChessBase"]
[SourceQuality "1"]
[TimeControl "1500+10"]

1. d4 Nf6 2. c4 e6 3. Nf3 d5 4. Nc3 dxc4 5. e4 Bb4 6. Bxc4 {[%emt 0:00:01] Black should prevent 0-0. D24: Queen's Gambit Accepted: 3 Nf3 Nf6 4 Nc3.} Nxe4 7. O-O Nxc3 8. bxc3 ({Much worse is} 8. Qb3 Nd5 9. Bxd5 Qxd5 $17) 8... Be7 9. Ne5 O-O 10. Re1 Nc6 11. Qg4 f5 12. Qf3 Nxe5 13. Rxe5 Kh8 14. h3 Bd6 15. Re2 {[%emt 0:00:01] [#]} Rb8 $146 ({Predecessor:} 15... h6 16. Bd2 Qe7 17. Rae1 Rf6 18. Bb3 a5 19. c4 a4 20. Bc2 Bb4 21. Bc3 Bxc3 22. Qxc3 {½-½ (43) Anand,V (2793)-Giri,A (2768) London 2014}) 16. Bf4 Bxf4 17. Qxf4 Qd6 18. Qxd6 cxd6 19. Bxe6 Bxe6 20. Rxe6 $14 {[%emt 0:00:00][%mdl 4096] Endgame KRR-KRR} Rfc8 21. Rae1 h6 22. R1e3 Rc6 23. Re7 f4 {[%emt 0:05:14] Prevents Rg3.} 24. Rf3 a5 25. Rxf4 Rxc3 26. Rff7 Rg8 27. Rxb7 Rc1+ 28. Kh2 Rc2 29. a3 Rc3 30. Rbd7 Rxa3 31. Rxd6 a4 32. Ra6 {[%emt 0:01:08] &Bianco is more active.} Ra2 33. Rf3 {[%emt 0:01:21] Prevents a3.} (33. f4 $18) 33... Rd8 {[%emt 0:00:12] [#]} 34. Ra7 $1 a3 ({Weaker is} 34... Rxd4 35. Rf8+ Kh7 36. Rff7) 35. Rg3 Rg8 36. Rgxa3 Rxf2 37. Ra2 Rf4 38. Rd7 Kh7 39. Rd2 Ra8 40. Rd3 Ra6 {[%emt 0:00:08] [#]} 41. Rg3 ({White should play} 41. d5 $1 $16) 41... Rg6 42. Rxg6 Kxg6 {[%emt 0:00:00] KR-KR} 43. Kg3 Rf1 44. Re7 Rd1 {[%emt 0:00:47] The position is equal.} 45. Re4 Kf5 46. Rf4+ Ke6 47. Kf3 g5 {[%emt 0:00:22] [#] ( -> ...Rf1+)} 48. Ke2 {[%emt 0:01:36] Prevents Rf1.} Ra1 (48... Rc1 49. Rf8) 49. Rf2 Kd5 50. Kf3 h5 51. Kg3 {[%emt 0:01:18] Black must now prevent Rf5+.} Ra3+ 52. Rf3 Rxf3+ 53. gxf3 {[%emt 0:00:11] White threatens h4 and mate.} Kxd4 $11 {[%emt 0:00:00] KPP-KPP} 54. f4 h4+ 55. Kg4 {[%emt 0:00:04] White wants to mate with f5.} gxf4 56. Kxf4 {[%emt 0:00:00] KP-KP} Kd5 57. Kg4 Ke6 58. Kxh4 {[%emt 0:00:01] KP-K} Kf7 59. Kg4 Kg8 60. h4 Kh8 61. h5 Kg8 62. h6 Kh8 63. h7 Kxh7 {[%emt 0:00:01] Blacks defense is rewarded with a draw.  Weighted Error Value: White=0.07 (flawless) /Black=0.06 (flawless)} 1/2-1/2

[Event "MCCT Oslo Esports Cup 2022"]
[Site "Oslo"]
[Date "2022.04.20"]
[Round "1.3"]
[White "Duda, Jan-Krzysztof"]
[Black "Carlsen, Magnus"]
[Result "0-1"]
[ECO "B11"]
[WhiteElo "2750"]
[BlackElo "2864"]
[Annotator "TA"]
[PlyCount "112"]
[EventDate "2022.04.14"]
[EventType "tourn"]
[EventCountry "NOR"]
[SourceTitle "playchess.com"]
[Source "ChessBase"]
[SourceQuality "1"]
[TimeControl "1500+10"]

1. e4 c6 2. Nf3 d5 3. Nc3 Bg4 4. h3 Bxf3 5. Qxf3 e6 6. g3 Nf6 7. Bg2 {[%emt 0:00:02] B11: Caro-Kann: Two Knights Variation.} Nxe4 {[%emt 0:00:02] 7...Bb4 is setting a new trend.} 8. Nxe4 dxe4 9. Qxe4 {[%emt 0:01:21] White is slightly better.} Qd5 10. O-O Qxe4 11. Bxe4 Nd7 12. d3 {[%emt 0:00:26] [#]} a5 $146 ({Predecessor:} 12... O-O-O 13. Bg2 {½-½ (13) Rozentalis,E (2535)-Turov,M (2575) Hell 2019}) 13. Bg2 Bd6 14. b3 Be5 15. Rb1 Bc3 16. Ba3 Kd8 17. Rfd1 Kc7 18. d4 b5 19. Rd3 b4 20. Bb2 Bxb2 21. Rxb2 Rhd8 22. c3 Nf6 23. Rc2 Rd6 24. Re3 Rad8 25. Re5 Nd5 26. c4 f6 27. Rh5 Nc3 28. Rxa5 {[%emt 0:01:44] Threatens to win with a3.} Kb6 29. Rh5 Rxd4 30. Rxh7 R4d7 31. h4 Ra8 32. Bh3 f5 33. g4 fxg4 34. Bxg4 Re7 35. Rh5 e5 36. Rg5 (36. Kg2 $11) 36... Rxa2 $17 {[%emt 0:00:06] 0x0.002037565faddp-1022s more active pieces. Black keeps a firm grip on the game.} 37. Rxa2 Nxa2 {[%emt 0:00:01][%mdl 4096] Endgame KRB-KRN} 38. Kf1 (38. Bd1 $17 {was worth a try.}) 38... Nc1 $1 $19 39. Bd1 Kc5 $1 40. Ke1 (40. f4 $142) 40... Nd3+ 41. Ke2 Kd4 42. Rg4+ e4 43. f3 Kc3 {[%emt 0:00:58] And now ...exf3+ would win.} 44. Rxe4 (44. fxe4 $17 {is a better defense.} Nc5 45. Ke3 (45. Rg3+ Kb2 $17)) 44... Nc1+ $1 45. Ke1 {[%emt 0:00:20] [#]} Rd7 {[%emt 0:01:01] Hoping for ...Rd2.} 46. c5 Nd3+ 47. Ke2 $2 {[%emt 0:00:02] [#]} (47. Kf1 Nb2 48. Be2 (48. Re3+ $2 Rd3 $19)) 47... Nb2 $1 ({Stronger than} 47... Nc1+ 48. Ke1 $19) 48. Re3+ Rd3 49. Rxd3+ Nxd3 {[%emt 0:00:00] KB-KN} 50. h5 $2 (50. f4 Nc1+ 51. Kf2) 50... Nf4+ (50... Nxc5 51. f4 $17) 51. Ke3 Nxh5 {[%emt 0:00:27] aiming for ...Ng3.} 52. Ke4 (52. f4 $19 Ng3 53. Bg4 Nf1+ 54. Kf2) 52... Kd2 {[%emt 0:00:11] Black mates.} 53. Ke5 Kxd1 54. Kd6 Kc2 55. Kxc6 Kxb3 56. Kd6 Nf6 {[%emt 0:00:05] Weighted Error Value: White=0.46/Black=0.03 (flawless)} 0-1

[Event "MCCT Oslo Esports Cup 2022"]
[Site "Oslo"]
[Date "2022.04.20"]
[Round "1.3"]
[White "Van Foreest, Jorden"]
[Black "Praggnanandhaa R"]
[Result "0-1"]
[ECO "E28"]
[WhiteElo "2714"]
[BlackElo "2624"]
[Annotator "TA"]
[PlyCount "68"]
[EventDate "2022.04.14"]
[EventType "tourn"]
[EventCountry "NOR"]
[SourceTitle "playchess.com"]
[Source "ChessBase"]
[SourceQuality "1"]
[TimeControl "1500+10"]

1. d4 Nf6 2. c4 e6 3. Nc3 Bb4 4. e3 O-O 5. a3 Bxc3+ 6. bxc3 b6 7. Bd3 Bb7 8. f3 c5 $1 {[%emt 0:00:07][%mdl 4] is more profitable than 8...d6 at the moment. E28: Nimzo-Indian: Sämisch: 5...0-0 6 e3.} 9. e4 Ne8 10. Nh3 Nc6 {[%emt 0:00:33] The position is equal.} 11. Be3 {[%emt 0:00:04] [#]} Qe7 $5 $146 {[%emt 0:02:42][%mdl 8] New and interesting.} ({Predecessor:} 11... Rc8 12. O-O Na5 13. d5 Ba6 14. Qe2 Nd6 15. e5 Ndxc4 16. Bg5 Qc7 17. Qe4 g6 18. Bf6 Nd6 19. exd6 Qxd6 20. Bxa6 exd5 21. Qe7 {1-0 (21) Caruana,F (2781)-Svane,R (2648) Chess.com INT 2022}) 12. O-O e5 13. d5 Na5 14. f4 (14. Qe2 $14) 14... Nd6 (14... f5 $11) 15. Qe2 $1 $14 {[%emt 0:02:51] fxe5 is the strong threat.} f6 {[%emt 0:02:36] [#]} 16. fxe5 $1 fxe5 17. Bg5 Rxf1+ 18. Rxf1 Qe8 19. Nf2 Ba6 20. Ng4 Bxc4 21. Bf6 Bxd3 $17 22. Qxd3 Nac4 $36 {[%emt 0:01:55][%mdl 2048] aiming for ...b5. Black has good play. Pair of Knights!} 23. Rf3 $1 Kh8 24. Bxg7+ {[%emt 0:02:01] [#] This costs White the game.} Kxg7 $19 25. Nf6 {[%emt 0:00:00] Prevents Qh5.} Qg6 26. h4 $2 (26. Rg3 Kxf6 27. Rxg6+ hxg6 28. Qg3) 26... Kh8 {[%emt 0:00:19] Black is clearly winning.} 27. h5 Qh6 28. Qe2 Rf8 29. Ng4 Qc1+ 30. Kh2 Rxf3 31. gxf3 Qf4+ 32. Kg2 b5 33. h6 Nf7 34. Qf2 Qd2 {[%emt 0:00:07] Weighted Error Value: White=0.68/Black=0.10 (very precise)} 0-1

[Event "MCCT Oslo Esports Cup 2022"]
[Site "Oslo"]
[Date "2022.04.20"]
[Round "1.4"]
[White "Le, Quang Liem"]
[Black "Mamedyarov, Shakhriyar"]
[Result "1/2-1/2"]
[ECO "D38"]
[WhiteElo "2709"]
[BlackElo "2771"]
[Annotator "TA"]
[PlyCount "63"]
[EventDate "2022.04.14"]
[EventType "tourn"]
[EventCountry "NOR"]
[SourceTitle "playchess.com"]
[Source "ChessBase"]
[SourceQuality "1"]
[TimeControl "1500+10"]

1. d4 Nf6 2. c4 e6 3. Nf3 d5 4. Nc3 Bb4 5. Qa4+ Nc6 6. a3 Bxc3+ 7. bxc3 Bd7 8. cxd5 {[%emt 0:00:07] D38: Queen's Gambit Declined: Ragozin Defence (4 Nf3 Bb4).} exd5 {[%emt 0:00:02] [#]} 9. Bf4 $146 ({Predecessor:} 9. Qc2 O-O 10. Bg5 h6 11. Bh4 Na5 12. Ne5 Be6 13. e3 c5 14. Bd3 c4 15. Bh7+ Kh8 {1-0 (50) Mamedyarov,S (2776)-Santos Latasa,J (2648) Germany 2022}) 9... O-O 10. e3 Ne5 11. Qb3 Nxf3+ 12. gxf3 b6 13. Rg1 Re8 14. Be2 c6 15. Be5 g6 16. a4 Bf5 17. Kd2 Rxe5 18. dxe5 $14 Nd7 19. Qb4 $1 Nxe5 20. Qf4 Nc4+ 21. Ke1 {[%emt 0:00:04] [#] And now Qxf5 would win.} Qf6 22. Qd4 (22. Rc1 $5 Nd6 23. h4 $14) 22... Qe7 23. e4 Re8 $1 24. Bxc4 dxc4 25. Rd1 Qh4 26. Qd6 (26. Qxc4 $2 Bxe4 27. Qe2 {[#]} Re7 $1 28. Rd8+ (28. fxe4 $2 Rxe4 29. Rg3 Rxe2+ 30. Kxe2 Qxa4 $19) 28... Kg7 $19) 26... Rxe4+ $1 {[%emt 0:00:07] The position is equal.} 27. fxe4 {[%emt 0:01:42] The board is on fire.} Qxe4+ 28. Kd2 Qc2+ 29. Ke3 $1 Qe4+ $1 30. Kd2 Qc2+ 31. Ke1 Qe4+ 32. Kd2 {[%emt 0:00:01] Weighted Error Value: White=0.04 (flawless) /Black=0.06 (flawless)} 1/2-1/2

[Event "MCCT Oslo Esports Cup 2022"]
[Site "Oslo"]
[Date "2022.04.20"]
[Round "1.4"]
[White "Hansen, Eric"]
[Black "Giri, Anish"]
[Result "1/2-1/2"]
[ECO "C00"]
[WhiteElo "2606"]
[BlackElo "2773"]
[Annotator "TA"]
[PlyCount "67"]
[EventDate "2022.04.14"]
[EventType "tourn"]
[EventCountry "NOR"]
[SourceTitle "playchess.com"]
[Source "ChessBase"]
[SourceQuality "1"]
[TimeControl "1500+10"]

1. e4 e5 2. Nf3 Nc6 3. Bb5 Nf6 4. d3 Bc5 5. c3 O-O 6. O-O d5 7. Nbd2 dxe4 8. dxe4 Qe7 9. b4 {[%emt 0:00:11] C00: French: Unusual White 2nd moves.} Bd6 10. a3 a5 11. Bb2 {[%emt 0:00:01] [#]} axb4 $146 ({Predecessor:} 11... Be6 12. Qc2 h6 13. Rac1 Rfd8 14. Rfd1 axb4 15. cxb4 Bd7 16. Bf1 Nd4 17. Bxd4 Ba4 {½-½ (80) Nakamura,H (2736)-Ding,L (2799) Chess.com INT 2021}) 12. cxb4 Na7 13. Be2 b5 14. Rc1 Bb7 15. Bd3 Rfc8 16. Qe2 c5 17. bxc5 Bxc5 18. Bxe5 Bxa3 19. Ra1 {[%emt 0:00:03] aiming for Bxf6.} Bb4 20. Bxf6 Qxf6 21. e5 Qe7 22. Ne4 Bc3 ({Black should try} 22... Nc6 $14) 23. Nxc3 {[%emt 0:03:44] &Bianco is more active.} Rxc3 24. Qe3 ({Better is} 24. h4 $16) 24... Qc5 $11 25. Nd4 Nc6 26. Rxa8+ Bxa8 27. Ra1 Bb7 28. Nxc6 {[%emt 0:02:07] [#] Threatens to win with Nd4.} Qxe3 29. fxe3 {[%emt 0:00:02] Nb4 is the strong threat.} Bxc6 30. Bxb5 {[%emt 0:00:09] The position is equal.} Kf8 31. Bxc6 Rxc6 {[%emt 0:00:00] KR-KR} 32. Kf2 Rc5 33. e6 fxe6 34. Ra7 {[%emt 0:00:02] Weighted Error Value: White=0.11 (very precise) /Black=0.10 (very precise)} 1/2-1/2

[Event "MCCT Oslo Esports Cup 2022"]
[Site "Oslo"]
[Date "2022.04.20"]
[Round "2.1"]
[White "Carlsen, Magnus"]
[Black "Le, Quang Liem"]
[Result "0-1"]
[ECO "A13"]
[WhiteElo "2864"]
[BlackElo "2709"]
[Annotator "TA"]
[PlyCount "78"]
[EventDate "2022.04.14"]
[EventType "tourn"]
[EventCountry "NOR"]
[SourceTitle "playchess.com"]
[Source "ChessBase"]
[SourceQuality "1"]
[TimeControl "1500+10"]

1. Nf3 d5 2. e3 Nf6 3. c4 e6 4. Nc3 Be7 5. b3 O-O 6. Bb2 c5 7. d4 cxd4 {[%emt 0:00:14] A13: English Opening: 1...e6.} 8. Nxd4 dxc4 $5 {[%emt 0:01:23][%mdl 4] Exploring less charted territory.} 9. Bxc4 Bd7 {[%emt 0:00:02] The position is equal.} 10. O-O Nc6 11. Nf3 a6 {[%emt 0:00:23] [#]} 12. Qb1 $146 ({Predecessor:} 12. Qe2 Qa5 13. Rfd1 Rfd8 14. Bd3 Nb4 15. Bb1 Bc6 16. Nd4 Be8 17. a3 Nbd5 18. Nxd5 Qxd5 {0-1 (60) Khademalsharieh,S (2494)-Ushenina,A (2416) Chess.com INT 2020}) 12... b5 13. Be2 h6 14. Rd1 Qb6 15. a4 b4 16. Ne4 Nd5 17. Bc4 Rfd8 18. Bxd5 exd5 19. Rxd5 Be6 20. Rxd8+ Rxd8 21. Ned2 Qc5 22. Qd1 Qd5 $1 23. Rc1 Bg4 {[%emt 0:03:08] [#] Threatens to win with ...Bxf3. A strong pair of Bishops.} 24. Qc2 Bxf3 25. Nxf3 Na5 26. Nd4 Bf6 27. Rb1 Bxd4 28. Bxd4 Nc6 29. Rd1 Na5 30. Rd3 Qf5 31. h3 Rc8 32. Qd1 Rc1 33. Qxc1 Qxd3 34. Qc8+ Kh7 35. Qf8 f6 36. Qxb4 Nxb3 {[%emt 0:00:06] [#]} 37. Bc3 $1 Nc1 {[%emt 0:00:21] ...Ne2+ is the strong threat.} 38. Kh2 (38. Bd2 $16) 38... Na2 $11 39. Qe4+ Qxe4 {[%emt 0:00:03] Weighted Error Value: White=0.29 (precise) /Black=0.06 (flawless)} 0-1

[Event "MCCT Oslo Esports Cup 2022"]
[Site "Oslo"]
[Date "2022.04.20"]
[Round "2.1"]
[White "Duda, Jan-Krzysztof"]
[Black "Giri, Anish"]
[Result "1/2-1/2"]
[ECO "D00"]
[WhiteElo "2750"]
[BlackElo "2773"]
[Annotator "TA"]
[PlyCount "127"]
[EventDate "2022.04.14"]
[EventType "tourn"]
[EventCountry "NOR"]
[SourceTitle "playchess.com"]
[Source "ChessBase"]
[SourceQuality "1"]
[TimeControl "1500+10"]

1. d4 Nf6 2. Nf3 g6 3. Nc3 d5 4. Bf4 Bg7 5. Nb5 Na6 6. e3 O-O 7. h3 Ne4 8. Be2 c6 9. Na3 Qb6 10. Qc1 c5 11. c3 Bf5 12. O-O Rac8 13. Rd1 Rfd8 14. Nc2 Nb8 15. Ne5 Nc6 16. Nd3 c4 17. Ndb4 a5 18. Nxc6 bxc6 19. Bg4 Bxg4 20. hxg4 c5 21. f3 Nf6 22. Qd2 Nd7 (22... Qxb2 $2 23. Rdb1 Qxa1 24. Rxa1 $18) 23. Bg3 e5 (23... Qxb2 $2 24. Rdb1 cxd4 25. exd4 $18 (25. Rxb2 dxc3 26. Qxd5 cxb2 $14)) 24. Rab1 Qe6 25. Bh4 Bf6 26. Qf2 Kg7 27. Rd2 (27. e4 {looks sharper.} Bxh4 28. Qxh4 cxd4 29. exd5 Qxd5 30. cxd4 Qb5 31. dxe5 Qxe5 32. Rd4) 27... Rb8 28. Bxf6+ Qxf6 29. Ne1 (29. Qg3 $11) 29... exd4 30. exd4 cxd4 31. Rxd4 Nf8 32. Rbd1 Qb6 33. R4d2 Ne6 34. g3 Rd6 35. Ng2 Ng5 36. Kf1 Qxf2+ 37. Rxf2 a4 38. Ne3 Rbd8 39. Kg2 a3 40. bxa3 d4 41. cxd4 Rxd4 42. Rxd4 Rxd4 43. Rc2 (43. Re2 $5 ) 43... Rd3 $1 44. Nxc4 Nxf3 45. Rc1 Nd4 46. a4 Ne2 47. Rc2 Rxg3+ 48. Kf2 Nd4 49. Kxg3 Nxc2 50. a3 h5 51. a5 Nd4 52. a6 Nc6 53. gxh5 gxh5 54. Nd6 Kf6 55. Nb5 Ke5 56. a4 Kd5 57. a7 Nxa7 $1 58. Nxa7 Kc5 59. Nb5 Kb4 60. Nc3 f5 $1 (60... Kxc3 61. a5 Kd3 62. a6 Ke3 63. a7 f5 64. a8=Q f4+ 65. Kg2) 61. Kh4 f4 $1 (61... Kxc3 {gets mated.} 62. a5 f4 63. a6 Kd3 64. a7 Ke3 65. a8=Q f3 66. Kg3) 62. Nd5+ Kxa4 63. Nxf4 Kb5 64. Nxh5 1/2-1/2

[Event "MCCT Oslo Esports Cup 2022"]
[Site "Oslo"]
[Date "2022.04.20"]
[Round "2.1"]
[White "Praggnanandhaa R"]
[Black "Mamedyarov, Shakhriyar"]
[Result "1-0"]
[ECO "D11"]
[WhiteElo "2624"]
[BlackElo "2771"]
[Annotator "TA"]
[PlyCount "63"]
[EventDate "2022.04.14"]
[EventType "tourn"]
[EventCountry "NOR"]
[SourceTitle "playchess.com"]
[Source "ChessBase"]
[SourceQuality "1"]
[TimeControl "1500+10"]

1. d4 d5 2. c4 c6 3. Nf3 Nf6 4. e3 Bg4 5. h3 Bh5 6. Nc3 e6 7. Qb3 {[%emt 0:00:02] D11: Slav Defence: 3 Nf3 sidelines and 3...Nf6 4 e3 Bg4.} Qc7 8. g4 Bg6 9. Ne5 {[%emt 0:00:08] The position is equal.} Nbd7 10. Nxg6 hxg6 11. Bg2 g5 (11... dxc4 $11 12. Qxc4 e5) 12. Bd2 ({White should play} 12. cxd5 $14 cxd5 13. e4) 12... Be7 13. O-O-O Nb6 14. cxd5 cxd5 15. Kb1 Nc4 16. Bc1 {[%emt 0:01:15] [#]} b5 $146 ({Predecessor:} 16... Rc8 17. e4 Nxe4 18. Bxe4 dxe4 19. Nxe4 Qb6 20. Qxb6 Nxb6 21. Bxg5 Bxg5 22. Nxg5 Nd5 {½-½ (53) Bachmann,A (2626)-Ghaem Maghami,E (2562) Arlington 2015}) 17. f4 b4 18. Ne2 gxf4 19. Nxf4 (19. exf4 $5 Rb8 20. f5 $11) 19... g5 20. Nd3 a5 21. Qa4+ Kf8 22. h4 (22. Rhf1 $17) 22... Nxg4 $2 {[%emt 0:00:31] Pair of Knights!} (22... Rxh4 $19 23. Rdf1 Rxh1 24. Bxh1 Qg3) 23. hxg5 $11 Kg7 24. g6 {[%emt 0:01:04] Black must now prevent Bh3.} Ncxe3 (24... Ngxe3 $15 25. Rxh8 Rxh8 26. gxf7 Bf6) 25. gxf7 $1 $14 {[%emt 0:00:43] Rhg1 is the strong threat. Dancing on a razor blade.} Nxg2 $2 {[%emt 0:00:13][%mdl 8192] A mistake that costs the game.} (25... b3 $16 {is more resistant.} 26. Nc5 Bxc5 27. dxc5 Qxc5) 26. Rhg1 $18 Rh2 {[%emt 0:00:28] [#]} (26... Qg3 $142 27. Qc2 Qf3 28. Qxg2 Qxg2 29. Rxg2 Kxf7 30. Rxg4 Rag8 31. Ne5+ Ke8) 27. Bf4 $1 {[%emt 0:00:29][%mdl 576] Decoy} Nxf4 28. Rxg4+ Ng6 29. Ne5 b3 30. Qxb3 {[%emt 0:00:18] White mates.} Rb8 31. Rxg6+ Kh7 {[%emt 0:00:25] [#]} 32. Rg2 $1 {[%emt 0:00:13][%mdl 512] Weighted Error Value: White=0.15 (very precise) /Black=0.82} 1-0

[Event "MCCT Oslo Esports Cup 2022"]
[Site "Oslo"]
[Date "2022.04.20"]
[Round "2.1"]
[White "Hansen, Eric"]
[Black "Van Foreest, Jorden"]
[Result "0-1"]
[ECO "B13"]
[WhiteElo "2606"]
[BlackElo "2714"]
[Annotator "TA"]
[PlyCount "120"]
[EventDate "2022.04.14"]
[EventType "tourn"]
[EventCountry "NOR"]
[SourceTitle "playchess.com"]
[Source "ChessBase"]
[SourceQuality "1"]
[TimeControl "1500+10"]

1. e4 c6 2. d4 d5 3. exd5 cxd5 4. Bd3 Nf6 5. h3 Nc6 6. c3 g6 7. Nf3 {[%emt 0:00:02] B13: Caro-Kann: Exchange Variation and Panov-Botvinnik Attack.} Bf5 8. Be2 {[%emt 0:00:02] is recently more successful than 8.0-0.} Qc7 9. O-O {[%emt 0:00:10] The position is equal.} e6 $5 {[%emt 0:00:22][%mdl 4] A promising side line.} 10. Re1 {[%emt 0:00:51] [#]} h6 $146 ({Predecessor:} 10... h5 11. c4 Bg7 12. Nc3 O-O 13. Nb5 Qb8 14. Bg5 Ne4 15. Be3 Rd8 16. cxd5 Rxd5 {1-0 (46) Obgolts,E (2371)-Rozum,I (2563) Khanty-Mansiysk 2020}) 11. Nbd2 (11. Bb5 {with more complications.} g5 12. Ne5 Bd6 13. Nd2) 11... Bd6 12. Nf1 O-O-O 13. Ne3 Kb8 14. b4 (14. a4 $11) 14... g5 (14... Ne4 {looks sharper.} 15. Qb3 g5 16. Bb5 f6) 15. Nxf5 exf5 16. Qd3 Ne4 17. a3 (17. a4 $142) 17... Rhg8 $17 {[%emt 0:00:59] 0x0.00018dd8005ddp-1022s more active pieces.} 18. Nd2 (18. c4 $17) 18... g4 $1 $19 ({Stronger than} 18... Bh2+ 19. Kf1 $15) 19. hxg4 h5 $1 ({Weaker is} 19... Bh2+ 20. Kf1 $14) 20. g5 ({Not} 20. gxf5 $2 Bh2+ 21. Kf1 Rxg2 $3 22. Kxg2 Rg8+ 23. Bg4 Rxg4+ 24. Kf1 Nxb4 $1 25. cxb4 Rg1+ 26. Ke2 Nc3+ 27. Qxc3 Qxc3 28. Rxg1 Qxa1 $19) 20... Rxg5 {[%emt 0:00:32] Threatens to win with ...Bh2+.} 21. Nxe4 {[%emt 0:00:04] [#]} fxe4 22. Qh3 {[%emt 0:00:03] [#]} Bf4 (22... Rg7 $1 $19 {Hoping for ...Rdg8.} 23. Kh1 h4) 23. Bf1 f5 24. Bxf4 Qxf4 25. Rad1 Qc7 26. Qh2 Rg7 27. Re3 {[%emt 0:00:07] [#]} Ne7 (27... f4 $1 $17 28. Rh3 f3) 28. Rh3 $15 Nc8 (28... Qxh2+ $15 29. Kxh2 Rh8) 29. Rxh5 $11 Qxh2+ 30. Rxh2 Nd6 {[%emt 0:00:00] Prevents c4.} 31. Rh4 Rc7 32. Rc1 a6 33. a4 Ka7 34. g3 Rdc8 35. Rh6 Nf7 36. Rh5 Nd6 37. Rh6 (37. Bh3 $5 ) 37... Nf7 38. Rf6 Ng5 39. Bg2 Rf7 40. Rxf7 Nxf7 $14 {[%emt 0:00:00][%mdl 4096] Endgame KRB-KRN} 41. Kf1 (41. f3 $14) 41... a5 $11 42. bxa5 Rc4 43. Bh3 Nd6 44. Ke2 Rxa4 45. Ke3 Ra2 $1 46. Rf1 {[%emt 0:00:13] aiming for Kf4.} Rc2 47. Kf4 Rxc3 48. Ke5 Nc4+ 49. Kxd5 e3 $1 50. Ke6 $2 {[%emt 0:00:32][%mdl 8192] White does not recover from this.} (50. Bxf5 $11 {and White stays safe.} Nd2 51. Rd1 exf2 52. Bh3) 50... Nd2 $19 {[%emt 0:00:04][%mdl 64] Deflection} 51. Rh1 exf2 {[%emt 0:00:15] White must now prevent ...Re3+.} 52. d5 $2 (52. Rd1 Nc4 53. Rf1 Rxg3 54. Bxf5) 52... Rxg3 53. Rh2 {[%emt 0:00:08] [#]} Rxh3 $1 54. Rxf2 {[%emt 0:00:01] KRN-KR} Rh6+ (54... Re3+ $142 55. Kxf5 Nc4) 55. Ke7 $2 (55. Kxf5 Nc4 56. Ke4) 55... Nc4 {[%emt 0:00:06] ...Ka6 is the strong threat.} 56. Rxf5 Nxa5 {[%emt 0:00:01] Strongly threatening ...Nc4.} 57. Rf1 Nc4 {[%emt 0:00:06] ( -> ...b5)} 58. Rc1 b5 {[%emt 0:00:05] Black mates.} 59. Re1 Kb6 60. Kd7 Rd6+ {[%emt 0:00:03] Weighted Error Value: White=0.60/Black=0.15 (very precise)} 0-1

[Event "MCCT Oslo Esports Cup 2022"]
[Site "Oslo"]
[Date "2022.04.20"]
[Round "2.2"]
[White "Giri, Anish"]
[Black "Duda, Jan-Krzysztof"]
[Result "1/2-1/2"]
[ECO "D91"]
[WhiteElo "2773"]
[BlackElo "2750"]
[Annotator "TA"]
[PlyCount "119"]
[EventDate "2022.04.14"]
[EventType "tourn"]
[EventCountry "NOR"]
[SourceTitle "playchess.com"]
[Source "ChessBase"]
[SourceQuality "1"]
[TimeControl "1500+10"]

1. d4 Nf6 2. c4 g6 3. Nc3 d5 4. Nf3 Bg7 5. Bg5 Ne4 6. Bf4 Nxc3 7. bxc3 dxc4 8. e4 {[%emt 0:00:49] D91: Grünfeld: 4 Nf3 Bg7 5 Bg5.} b5 9. a4 c6 10. h4 {[%emt 0:00:12] The position is equal.} Bg4 {[%emt 0:00:33] [#]} 11. h5 $146 ({Predecessor:} 11. Qb1 a6 12. Ne5 Bxe5 13. Bxe5 f6 14. Bg3 Nd7 15. f3 Be6 16. h5 g5 17. Be2 {0-1 (85) Lagergren,H (1913)-Parushev,A (2302) ICCF email 2017}) 11... Bxh5 12. Rxh5 gxh5 13. e5 Qd5 14. Qe2 (14. axb5 $11 {remains equal.} cxb5 15. Be2) 14... b4 15. cxb4 Na6 $1 16. Bd2 Rb8 17. b5 cxb5 18. axb5 {[%emt 0:00:01] [#]} c3 $1 19. Bxc3 Nc7 20. Ra5 Qb3 (20... a6 $5 21. Qc2 (21. bxa6 $2 Rb1+ 22. Kd2 Bh6+ 23. Kd3 Qc6 $19) 21... axb5 $15) 21. Qd3 Bh6 (21... O-O $15 {feels stronger.}) 22. Nd2 $11 Qe6 ({Black should try} 22... Bxd2+ $11 23. Bxd2 Qxd3 24. Bxd3 Nd5) 23. Rxa7 $14 Qb6 24. Ra3 Qg6 (24... Nxb5 $2 25. Qxb5+ Qxb5 26. Bxb5+ Kf8 27. Bc6 $18) (24... O-O $14) 25. Ba5 Ne6 (25... Nxb5 $2 26. Rb3 $18) (25... Bxd2+ $142 26. Kxd2 (26. Bxd2 O-O $11) 26... Qxd3+ 27. Bxd3 Kd7) 26. Qxg6 (26. d5 $142 Qxd3 27. Bxd3) 26... hxg6 $16 27. d5 Nf4 (27... Nd4 $14 28. Ra4 Ra8 $1) 28. Bc7 {[%emt 0:00:16] A strong pair of Bishops.} O-O 29. d6 exd6 30. Bxd6 (30. Bxb8 $16 Rxb8 31. exd6) 30... Rfc8 $11 31. Kd1 {[%emt 0:00:19] Against Rc1+} Bf8 {[%emt 0:00:12] Black wants to play ...Bxd6.} (31... Rb7 $5 ) 32. Ra7 (32. Bc4 $1 $11) 32... Rb6 $2 (32... Bxd6 $15 {keeps the upper hand.} 33. exd6 Nd5) 33. Bc7 $36 {[%emt 0:00:11][%mdl 2048] White is in control. &Bianco is more active.} Bc5 {[%emt 0:00:14][%cal Ob6b5] Hoping for ...Rxb5!} 34. Bxb6 Bxb6 35. Rd7 Bxf2 36. Bc4 Ne6 37. Bxe6 (37. Rd6 $142 {And now Rxe6 would win.} Rb8 38. Ne4 (38. Bxe6 fxe6 39. Ne4 Bg1 $11)) 37... fxe6 {[%emt 0:00:00][%mdl 4096] Endgame KRB-KRN} 38. Ne4 (38. Ke2 $5 Bg3 39. b6 Bxe5 40. Kd3 $16) 38... Be3 39. Ke2 Bf4 {[%emt 0:00:01][%mdl 8192] [#]} ({Better is} 39... Bg1 $1 $14) 40. Nf6+ $1 $18 Kf8 {[%emt 0:00:03] [#]} 41. Rd4 $2 (41. Ra7 $1 $18) 41... g5 $11 ({Don't take} 41... Rc2+ 42. Kd3 Rd2+ 43. Ke4 $16) 42. b6 Rc2+ 43. Kd3 Rb2 44. Kc3 Rb1 45. Kc2 Rb5 46. Nxh5 Bxe5 47. Rg4 Bd6 48. Nf6 Be7 49. Ne4 Kf7 50. Rg3 Rxb6 51. Nxg5+ Bxg5 $2 (51... Kf6 $11) 52. Rxg5 {[%emt 0:00:01] KR-KR} Kf6 {[%emt 0:00:01] Mate.} 53. Rh5 Rd6 54. g4 Rd4 55. Kc3 Rxg4 56. Kd3 e5 57. Ke3 e4 58. Ra5 Rg5 59. Rxg5 Kxg5 60. Kxe4 {[%emt 0:00:00][%mdl 32768] Quite a comeback for Black.  Weighted Error Value: White=0.19 (very precise) /Black=0.29 (precise) . An unexpected result.} 1/2-1/2